 Dungeon Crawl Stone Soup version 0.28-a0-461-g2dc4ca5097 (webtiles) character file.

Game seed: 2141360182779027156

46 Foolio the Skirmisher (level 3, 0/31 HPs)
             Began as a Palentonga Fighter on Sept 14, 2021.
             Slain by a gnoll (8 damage)
             ... on level 2 of the Dungeon.
             The game lasted 00:05:18 (1513 turns).

Foolio the Skirmisher (Palentonga Fighter)          Turns: 1513, Time: 00:05:18

Health: 0/31       AC:  6    Str: 20    XL:     3   Next: 44%
Magic:  3/3        EV:  7    Int:  8    God:
Gold:   13         SH:  4    Dex:  9    Spells: 2/2 levels left

rFire   . . .      SeeInvis +   a - +0 war axe
rCold   . . .      Faith    .   c - +0 buckler
rNeg    . . .      Spirit   .   b - +0 scale mail
rPois   .          Reflect  .   (no helmet)
rElec   .          Harm     .   j - scarf {repulsion}
rCorr   .          Rampage  .   (no gloves)
Will    .....                   (no barding)
Stlth   ..........              (no amulet)
HPRegen 0.10/turn               (no ring)
MPRegen 0.08/turn               (no ring)

@: repel missiles
A: large, rugged brown scales 3, see invisible, deformed body, roll 1, armoured
tail
a: Rolling Charge


You were on level 2 of the Dungeon.
You visited 1 branch of the dungeon, and saw 2 of its levels.

You collected 13 gold pieces.

Inventory:

Hand Weapons
 a - a +0 war axe (weapon)
Missiles
 e - 70 stones
 g - 11 poisoned darts
Armour
 b - a +0 scale mail (worn)
 c - a +0 buckler (worn)
 j - a scarf of repulsion (worn)
Scrolls
 h - a scroll of identify
 i - a scroll of magic mapping {unknown}
 k - a scroll of blinking {unknown}
Potions
 d - a potion of might
 f - a potion of heal wounds


   Skills:
 + Level 3.3 Fighting
 * Level 2.5 Axes
 + Level 2.8 Armour
 + Level 2.8 Shields


You had 2 spell levels left.
You didn't know any spells.
Your spell library contained the following spells:

 Spells                   Type           Power      Damage    Failure   Level
 Passwall                 Tmut/Erth      0%         N/A       88%         2
 Swiftness                Air            0%         N/A       98%         3
 Invisibility             Hex            0%         N/A       100%        6


Dungeon Overview and Level Annotations

Branches:
Dungeon (2/15)

Altars:


Innate Abilities, Weirdness & Mutations

You are completely covered in rugged brown scales. (AC +3, +7% HP)
You have supernaturally acute eyesight. (SInv)
Armour fits poorly on your strangely shaped body.
You can roll at nearby foes to attack.
You have a long armoured tail.


Message History

Found a scroll labelled MEUGOH ZAEWI.
The rat bites you but does no damage.
You barely miss the rat.
Your tail-slap misses the rat.
The rat bites you but does no damage. You block the rat's attack.
You completely miss the rat. You slash the rat!
You kill the rat!
The rat bites you.
You closely miss the rat. The rat bites you.
The rat bites you but does no damage.
You barely miss the rat. The rat barely misses you.
You slash the rat!
You kill the rat!
No target in view!
No target in view!
You now have 13 gold pieces.
k - a scroll labelled MEUGOH ZAEWI You see here a rat corpse.
Found a stone staircase leading down.
A gnoll comes into view. It is wielding a +0 halberd.
An endoplasm comes into view.
The endoplasm quivers.
The gnoll hits you from afar with a +0 halberd.
The gnoll completely misses you.
You hit the gnoll. You tail-slap the gnoll.
The gnoll is heavily wounded.
The gnoll barely misses you. The gnoll hits you with a +0 halberd!
You barely miss the gnoll.
The gnoll is heavily wounded.
The gnoll hits you with a +0 halberd!
* * * LOW HITPOINT WARNING * * *
You are too injured to fight recklessly!
You are too injured to fight recklessly!
You are too injured to fight recklessly!
You are too injured to fight recklessly!
You are too injured to fight recklessly!
You are too injured to fight recklessly!
You barely miss the gnoll.
The gnoll is heavily wounded.
The gnoll hits you with a +0 halberd!
You die...

#.##†#.#.###.###
#.#....#..##....
#.#..###.....#
#....#.'.....#
#..#.#.#.....#
#....#...#..##
#........#..##
####........#...#
#..'........##@.#
#.##..†.....##.g#
#.##........####J.
#.##........# .##
#...........# .#
###.........# .#
#.........#
#......####
########


You could see a gnoll and an endoplasm.

Vanquished Creatures
  A worm (D:2)
  2 dart slugs
  4 ball pythons (D:1)
  2 bats (D:1)
  3 endoplasms (D:1)
  2 giant cockroaches (D:1)
  3 goblins
  5 hobgoblins
  3 frilled lizards (D:1)
  6 kobolds
  7 rats
38 creatures vanquished.

Notes
Turn   | Place    | Note
-------+----------+-------------------------------------------
     0 | D:1      | Foolio the Palentonga Fighter began the quest for the Orb.
     0 | D:1      | Reached XP level 1. HP: 19/19 MP: 1/1
   172 | D:1      | Reached XP level 2. HP: 24/25 MP: 2/2
   182 | D:1      | Found a faded altar of an unknown god.
   841 | D:1      | Reached XP level 3. HP: 19/31 MP: 3/3
  1513 | D:2      | Slain by a gnoll

Illustrated notes

Levels and vault maps discovered:
D:1:      dpeg_arrival_castle, layout_loops_corners,
          chequers_ecumenical_altar_simple, minmay_quantized
D:2:      layout_basic

Action                   || total
-------------------------++-------
Melee: War axe           ||    89
       Tailslap          ||     9
 Abil: Rolling Charge    ||     5
  Use: Scroll            ||     2
Armor: Scale mail        ||    55
Dodge: Dodged            ||    27
Block: Buckler           ||    14

Table legend: (Time is in decaauts)
 A = Elapsed time spent in this place.
 B = Non-inter-level travel time spent in this place.
 C = Inter-level travel time spent in this place.
 D = Time resting spent in this place.
 E = Time spent auto-exploring this place.
 F = Levels seen in this place.
 G = Mean time per level.
                   A        B        C        D        E       F      G
               +--------+--------+--------+--------+--------+-----+--------+
         Total |   1555 |   1473 |     82 |      0 |   1206 |   2 |  777.5 |
       Dungeon |   1555 |   1473 |     82 |      0 |   1206 |   2 |  777.5 |
               +--------+--------+--------+--------+--------+-----+--------+

Top non-repeatable levels by time:
     D:1: 1399 daAuts
     D:2: 155 daAuts
